 Dungeon Crawl Stone Soup version 0.30-a0-23-ge60ba3568b (webtiles) character file.

Game seed: 4759125078319888290

410 xian the Twirler (level 6, -9/48 HPs)
             Began as a Draconian Wanderer on Aug 26, 2022.
             Was an Initiate of Ashenzari.
             Mangled by an ice beast (17 damage)
             ... on level 5 of the Dungeon.
             The game lasted 00:09:58 (4662 turns).

xian the Twirler (Draconian Wanderer)               Turns: 4662, Time: 00:09:59

Health: -9/48      AC:  7    Str: 15    XL:     6   Next: 58%
Magic:  0/9        EV: 11    Int: 13    God:    Ashenzari [......]
Gold:   308        SH:  0    Dex: 11    Spells: 6/9 levels left

rFire   + . .      SeeInvis .    a - +2 quarterstaff
rCold   x . .      Faith    .    (shield currently unavailable)
rNeg    . . .      Spirit   +    (body armour unavailable)
rPois   .          Reflect  .    i - +0 hat
rElec   .          Harm     .    y - +0 cloak
rCorr   .          Rampage  .    (no gloves)
Will    .....                    (no boots)
Stlth   ++........               r - amulet of guardian spirit
HPRegen 0.16/turn                l - ring of fire
MPRegen 0.11/turn                (no ring)

@: no status effects
A: AC +6, unfitting armour, cold-blooded
a: Renounce Religion


You were on level 5 of the Dungeon.
You worshipped Ashenzari.
Ashenzari was noncommittal.
You visited 1 branch of the dungeon, and saw 5 of its levels.

You collected 308 gold pieces.

Inventory:

Hand Weapons
 a - a +2 quarterstaff (weapon)
 b - a +0 sling
 j - a +1 short sword of venom
Armour
 i - a +0 hat (worn)
 y - a +0 cloak (worn)
Jewellery
 l - a ring of fire (left hand)
 r - an amulet of guardian spirit (around neck)
Wands
 w - a wand of flame (4)
Scrolls
 e - a scroll of magic mapping
 h - 2 scrolls of fear
 k - 2 scrolls of poison {unknown}
 m - a scroll of teleportation {unknown}
 n - 2 scrolls of fog {unknown}
 p - a scroll of silence {unknown}
 q - a scroll of noise {unknown}
 s - 2 scrolls of enchant armour {unknown}
 x - a scroll of enchant weapon {unknown}
Potions
 d - a potion of lignification
 f - 3 potions of curing
 o - 4 potions of flight
 u - a potion of mutation
 v - a potion of brilliance


   Skills:
 + Level 2.1 Fighting
 + Level 0.1 Short Blades
 + Level 5.6 Staves
 + Level 3.6 Ranged Weapons
 + Level 0.4 Throwing
 + Level 1.2 Dodging
 + Level 3.0 Stealth
 * Level 2.1 Spellcasting
 * Level 2.2 Summonings


You had 6 spell levels left.
You knew the following spells:

 Your Spells              Type           Power      Damage    Failure   Level
a - Call Canine Familiar  Summ           7%         N/A       30%         3

Your spell library contained the following spells:

 Spells                   Type           Power      Damage    Failure   Level
 Ensorcelled Hibernation  Hex/Ice        2%         N/A       36%         2
 Portal Projectile        Hex/Tloc       2%         N/A       58%         3
 Spider Form              Tmut/Pois      1%         N/A       58%         3
 Anguish                  Hex/Necr       0%         N/A       94%         4
 Leda's Liquefaction      Hex/Erth       0%         N/A       94%         4


Dungeon Overview and Level Annotations

Branches:
Dungeon (5/15)
 Temple: D:4-7

Altars:
Ashenzari
Dithmenos
Zin


Innate Abilities, Weirdness & Mutations

Your plain brown scales are hard. (AC +6)
You cannot fit into any form of body armour.
You are cold-blooded and may be slowed by cold attacks.


Message History

The ice beast attacks as you move away! The ice beast barely misses you.
The steam dragon breathes steam at you. The ball of steam hits you. You resist.
You see here an atropa-tipped dart.
g - an atropa-tipped dart You throw an atropa-tipped dart.
The atropa-tipped dart closely misses the steam dragon.
The steam dragon bites you but does no damage.
The steam dragon barely misses you.
There are no items here.
The steam dragon attacks as you move away!
The steam dragon barely misses you.
The steam dragon claws you but does no damage.
You see here an atropa-tipped dart.
g - an atropa-tipped dart The steam dragon bites you but does no damage.
The steam dragon claws you but does no damage.
The ice beast closely misses you.
You throw an atropa-tipped dart.
The atropa-tipped dart barely misses the steam dragon.
The steam dragon barely misses you. The steam dragon claws you.
The ice beast hits you. The ice beast freezes you!
You feel a terrible chill!
* * * LOW HITPOINT WARNING * * *
Unknown command.
You feel better.
The steam dragon bites you but does no damage.
The steam dragon misses you. The ice beast misses you.
Okay, then.
The steam dragon bites you!
* * * LOW HITPOINT WARNING * * *
The steam dragon closely misses you. The ice beast attacks as you move away!
The ice beast barely misses you.
The steam dragon bites you but does no damage.
The steam dragon claws you but does no damage.
The ice beast attacks as you move away!
The ice beast hits you but does no damage.
The ice beast attacks as you move away! The ice beast hits you.
* * * LOW HITPOINT WARNING * * *
The ice beast freezes you!!
You feel a terrible chill!
You die...

#. #..
...#####################
..........>............#
........##.#.....###...#
..............#.........
.......@.####.#.##....#.
######YD.# #.#....#....
#..## #...♣♣♣.♣♣.. ##..###
#♣♣♣...♣...♣ #.(.#.♣
....♣...... ..######.#..♣
.........[. .[..!......#..♣
#......P...
.###.......#.....#...P##+#.
.....(...[............ #.


You could see a steam dragon and an ice beast.

Vanquished Creatures
  An ogre (D:4)
  2 hounds
  An orc priest (D:4)
  Ijyb (D:4)
  2 orc wizards (D:4)
  6 adders
  An ufetubus (D:4)
  4 dart slugs
  3 orcs
  6 endoplasms
  11 giant cockroaches
  7 goblins
  8 hobgoblins
  6 jackals
  3 quokkas
  9 ball pythons
  9 bats
  6 kobolds
  6 rats
92 creatures vanquished.

Notes
Turn   | Place    | Note
-------+----------+-------------------------------------------
     0 | D:1      | xian the Draconian Wanderer began the quest for the Orb.
     0 | D:1      | xian set off with the following items: a +2 quarterstaff, a
                  | +0 sling, a +0 cloak, a potion of lignification.
     0 | D:1      | Reached XP level 1. HP: 16/16 MP: 1/1
   214 | D:1      | Found a faded altar of an unknown god.
   262 | D:1      | Reached XP level 2. HP: 21/23 MP: 2/2
   749 | D:1      | Reached XP level 3. HP: 24/28 MP: 3/3
  1823 | D:2      | Reached XP level 4. HP: 29/36 MP: 3/5
  2596 | D:3      | Reached skill level 1 in Spellcasting
  3368 | D:4      | Reached skill level 1 in Summonings
  3485 | D:4      | Reached XP level 5. HP: 38/41 MP: 4/6
  3670 | D:4      | Noticed Ijyb
  3702 | D:4      | Killed Ijyb
  4078 | D:4      | Noticed an ogre
  4092 | D:4      | Killed an ogre
  4093 | D:4      | Reached skill level 1 in Dodging
  4093 | D:4      | Reached XP level 6. HP: 48/48 MP: 8/8
  4350 | D:4      | Learned a level 3 spell: Call Canine Familiar
  4402 | D:4      | Found a broken altar of Ashenzari.
  4402 | D:4      | Found a glowing silver altar of Zin.
  4403 | D:4      | Found a shadowy altar of Dithmenos.
  4422 | D:4      | Became a worshipper of Ashenzari the Shackled
  4518 | D:5      | Entered Level 5 of the Dungeon
  4626 | D:5      | Noticed a steam dragon
  4640 | D:5      | Noticed an ice beast
  4662 | D:5      | Mangled by an ice beast

Illustrated notes

Levels and vault maps discovered:
D:1:      mushboom_english_gardens, layout_loops_ring,
          ebering_ecumenical_altar_rust, hangedman_decor_growths,
          chequers_serial_rivers_micro_e, minmay_worlds_worst_comb
D:2:      layout_basic, minmay_misc_feat_cross
D:3:      layout_loops_ring, minmay_statues_item
D:4:      layout_basic, gammafunk_temple_overflow_claw, serial_bayou_pond_d,
          uniq_ijyb
D:5:      wad_woods_settlement, layout_basic, hangedman_minor_gate_pass

Skill      XL: |  1  2  3  4  5  6 |
---------------+-------------------+-----
Ranged Weapons | 2 3 |  3.6
Spellcasting   | 1 2 |  2.1
Summonings     | 1 2 |  2.2
Fighting       | 2 |  2.1
Dodging        | 1 |  1.2
Stealth        | 3 |  3.0
Short Blades   | |  0.1
Staves         | |  5.6
Throwing       | |  0.4

Action                   |  1- 3 |  4- 6 || total
-------------------------+-------+-------++-------
Melee: Short sword       |     7 |    17 ||    24
       Tailslap          |     2 |    11 ||    13
       Quarterstaff      |       |    89 ||    89
 Fire: Sling             |   187 |    97 ||   284
Throw: Dart              |       |    26 ||    26
  Use: Scroll            |       |     6 ||     6
       Potion            |       |     1 ||     1
 Stab: Invisible         |       |     1 ||     1
Armor: Skin              |    65 |    86 ||   151
Dodge: Dodged            |    98 |   125 ||   223

Table legend: (Time is in decaauts)
 A = Elapsed time spent in this place.
 B = Non-inter-level travel time spent in this place.
 C = Inter-level travel time spent in this place.
 D = Time resting spent in this place.
 E = Time spent auto-exploring this place.
 F = Levels seen in this place.
 G = Mean time per level.
                   A        B        C        D        E       F      G
               +--------+--------+--------+--------+--------+-----+--------+
         Total |   4748 |   4663 |     85 |      0 |   3677 |   5 |  949.6 |
       Dungeon |   4748 |   4663 |     85 |      0 |   3677 |   5 |  949.6 |
               +--------+--------+--------+--------+--------+-----+--------+

Top non-repeatable levels by time:
     D:2: 1396 daAuts
     D:1: 1211 daAuts
     D:4: 1167 daAuts
     D:3: 827 daAuts
     D:5: 144 daAuts
